Map: Kairos Junction LE

Players

HaegPogTan - Winner!

  • Race: Zerg Zerg
  • League: Diamond
  • Spawn Location: 5:00

Overcomer

  • Race: Terran Terran
  • League: Diamond
  • Spawn Location: 11:00

VOD

Have the link to the VOD?

Description

Time

  • Played on: June 14, 2019, 7:50 a.m.
  • Length: 10:45
Show
View Real Time Build Order
Export as new Build Order

HaegPogTan Zerg - Winner!

Build Orders: Hatch First 

Get SALT Encoding   

  12  0:01  Drone  
  13  0:12  Overlord  
  13  0:27  Drone  
  14  0:38  Drone x2  
  14  0:40  Drone  
  17  0:54  Hatchery  
  16  0:58  Drone  
  16  1:02  Drone  
  16  1:03  Extractor  
  17  1:18  Spawning Pool  
  17  1:22  Drone  
  17  1:27  Drone  
  19  1:32  Drone  
  19  1:43  Overlord  
  19  2:05  Metabolic Boost  
  19  2:09  Queen x2  
  19  2:10  Zergling x4  
  25  2:18  Drone x2  
  26  2:37  Drone x3  
  26  2:42  Drone  
  30  2:45  Queen  
  30  2:51  Zergling x6  
  35  3:10  Zergling x2  
  35  3:12  Overlord  
  35  3:13  Overlord  
  35  3:30  Queen x2  
  35  3:32  Zergling x2  
  35  3:33  Zergling x10  
  45  3:42  Zergling x6  
  48  3:51  Zergling x4  
  47  4:15  Zergling x2  
  47  4:16  Zergling x6  
  50  4:22  Overlord x2  
  50  4:35  Queen  
  50  4:41  Hatchery  
  46  4:56  Drone x9  
  53  5:07  Overlord  
  52  5:08  Drone x3  
  55  5:25  Extractor  
  55  5:26  Extractor x2, Lair  
  55  5:27  Drone  
  55  5:28  Drone x2  
  55  5:34  Baneling Nest  
  54  5:48  Drone x8  
  59  6:06  Zergling x6  
  59  6:07  Zergling x12  
  68  6:16  Drone x2  
  70  6:20  Drone  
  70  6:21  Drone x3, Evolution Chamber  
  73  6:25  Evolution Chamber  
  73  6:26  Zergling x2  
  73  6:28  Zergling x4  
  73  6:29  Overseer  
  71  6:51  Zergling x6  
  71  6:52  Zergling x12  
  78  7:01  Zerg Melee Weapons Level 1  
  78  7:02  Zerg Ground Armor Level 1  
  74  7:11  Zergling x2  
  74  7:12  Zergling x10  
  70  7:30  Queen  
  70  7:31  Zergling x12  
  75  7:41  Zergling x2  
  75  7:42  Zergling x4  
  74  8:00  Hatchery  
  74  8:04  Zergling x20  
  81  8:11  Hydralisk Den  
  81  8:12  Infestation Pit  
  79  8:15  Overlord x2  
  79  8:19  Drone  
  80  8:20  Hatchery  
  80  8:25  Centrifical Hooks, Overlord x2  
  78  8:47  Queen  
  77  8:50  Grooved Spines  
  77  8:53  Zergling x2  
  77  8:54  Zergling x20  
  84  9:15  Hydralisk x2  
  84  9:16  Hydralisk x4  
  93  9:23  Queen  
  89  9:36  Hydralisk  
  89  9:37  Hydralisk x6  
  99  9:47  Drone  
  99  9:48  Drone x5  
  105  9:56  Baneling  
  105  9:57  Baneling x8  
  105  9:58  Baneling x2  
  105  9:59  Baneling  
  104  10:00  Baneling  
  103  10:07  Zergling x2  
  103  10:08  Zergling x8  
  106  10:15  Drone  
Show
View Real Time Build Order
Export as new Build Order

Overcomer Terran 

Build Orders:  

Get SALT Encoding   

  12  0:00  SCV  
  13  0:13  SCV  
  14  0:20  Supply Depot  
  14  0:25  SCV  
  15  0:41  SCV  
  15  0:42  Barracks  
  16  0:47  Refinery  
  16  0:53  SCV  
  17  1:02  Barracks  
  17  1:08  SCV  
  18  1:20  SCV  
  18  1:23  Refinery  
  19  1:30  Reaper  
  20  1:37  Barracks  
  20  1:44  Supply Depot  
  20  1:47  SCV  
  20  1:52  Reaper  
  22  2:02  Reaper  
  23  2:10  Orbital Command  
  23  2:24  Reaper  
  23  2:25  Reaper  
  25  2:34  Reaper  
  26  2:38  SCV  
  27  2:56  Reaper  
  27  2:57  Reaper  
  29  3:06  Reaper  
  29  3:09  Command Center  
  30  3:18  SCV  
  31  3:41  Supply Depot  
  31  3:43  Reaper x3  
  31  3:48  Barracks  
  34  3:49  Barracks  
  34  3:51  Engineering Bay  
  34  4:15  Reaper x2  
  36  4:19  Reaper  
  36  4:20  Terran Infantry Weapons Level 1  
  32  4:47  Reaper  
  32  4:48  Reaper x2  
  32  4:50  Reaper  
  30  4:53  SCV  
  30  4:55  Reaper  
  31  5:03  Supply Depot  
  31  5:06  SCV  
  31  5:18  SCV  
  31  5:19  Reaper  
  31  5:20  Reaper  
  34  5:26  SCV  
  35  5:29  Refinery  
  35  5:34  Reaper x2  
  37  5:40  Reaper  
  37  5:41  SCV  
  40  5:43  Orbital Command  
  39  5:51  Reaper  
  40  6:06  SCV  
  40  6:09  Reaper x2  
  42  6:14  Reaper  
  42  6:15  SCV  
  44  6:18  SCV  
  44  6:21  Reaper  
  46  6:27  SCV  
  46  6:28  Reaper  
  46  6:30  SCV  
  49  6:39  SCV  
  50  6:43  Reaper x2  
  52  6:49  Reaper  
  53  6:55  Reaper  
  54  7:17  Reaper x2  
  54  7:26  Reaper x2  
  54  7:27  Reaper  
  44  7:46  SCV  
  44  7:49  Reaper x2  
  47  7:55  Refinery  
  47  7:56  Barracks  
  47  7:57  Barracks  
  47  7:58  Reaper x2  
  47  8:04  Reaper  
  48  8:05  SCV  
  48  8:09  SCV  
  50  8:19  Missile Turret  
  50  8:20  SCV  
  50  8:21  Reaper x2, SCV  
  50  8:25  Command Center  
  54  8:30  Reaper x2  
  56  8:37  Reaper  
  57  8:47  Reaper x2  
  59  8:53  Reaper x2  
  61  9:02  Reaper  
  62  9:19  Supply Depot  
  62  9:21  Supply Depot  
  62  9:22  Reaper x4, SCV  
  67  9:26  Reaper x2  
  56  9:34  Reaper  
  56  9:36  SCV  
  56  9:37  Orbital Command  
  55  9:46  Barracks  
  55  9:47  Barracks  
  53  9:54  Reaper x4  
  53  9:58  Reaper  
  58  10:02  Reaper  
  58  10:07  Reaper  
Tags
 
Add a new tag
Caveats
  • Supply blocks, unpowered buildings, or Contaminate may cause inaccurate times.
  • Supply counts are checked every 10 seconds.